AoeStats
← Marstindil

Four Lakes

507970964Analyzed
1v1 RM · 11d ago on Sep 20, 2026· 57m 54s· 2 players
Game mode
Random Map
Map size
Tiny (2 player)
Population
200
Speed
Normal
Resources
Standard
Victory
Conquest
Starting age
Dark Age
Ending age
Imperial Age
RankedLock teamsTeams togetherTeam positionsShared explorationLock speedFull tech treeHidden civsTurbo modeCheats
Victory
Defeat
🇦🇷 Japanese · Argentina
952
+18
997
-18
Marstindil
10:35 Feudal Age
11:10 Double-Bit Axe
12:08 Loom
14:38 Wheelbarrow
14:21 Horse Collar
16:02 Fletching
16:50 Padded Archer Armor
19:36 Gold Mining
22:11 Castle Age
22:16 Scale Barding Armor
22:31 Light Cavalry
23:22 Bloodlines
22:35 Crossbowman
23:56 Gold Shaft Mining
23:33 Bow Saw
23:43 Bodkin Arrow
24:09 Chain Barding Armor
23:59 Heavy Plow
24:56 Chain Barding Armor
25:45 Elite Skirmisher
26:52 Leather Archer Armor
26:51 Husbandry
30:37 Medium Warships
32:14 Town Watch
32:58 Hand Cart
35:32 Imperial Age
36:22 Imperial Age
34:50 Fishing Lines
37:13 Town Patrol
37:24 Capped Ram
38:09 Scale Mail Armor
38:20 Forging
37:32 Pikeman
38:13 Squires
38:08 Arbalester
39:01 Bracer
38:44 Halberdier
40:01 Ring Archer Armor
40:56 Iron Casting
40:27 Stone Mining
41:41 Chemistry
40:43 Gillnets
41:12 Cavalier
43:15 Ballistics
43:57 Blast Furnace
44:40 Conscription
44:57 Onager
48:06 Chain Mail Armor
48:32 Guard Tower
48:54 Masonry
49:21 Yasama
48:46 Elite Samurai
52:53 Two-Man Saw
53:21 Thumb Ring
56:40 Kataparuto
56:23 Treadmill Crane
57:48 Halberdier
我在弱電的日子
5:48 Loom
12:22 Feudal Age
12:51 Double-Bit Axe
12:51 Fishing Lines
21:01 Castle Age
22:37 Elite Skirmisher
23:57 Padded Archer Armor
23:48 Fletching
26:43 Thumb Ring
30:24 Wheelbarrow
30:59 Ballistics
33:24 Imperial Age
32:46 Pikeman
38:05 Leather Archer Armor
37:46 Bodkin Arrow
37:51 Scale Mail Armor
38:02 Forging
37:18 Halberdier
38:22 Husbandry
38:25 Gold Mining
38:40 Squires
38:27 Arson
47:47 Man-at-Arms
48:13 Gambesons
48:59 Long Swordsman
50:46 Two-Handed Swordsman
51:36 Champion
52:54 Bow Saw
55:28 Two-Man Saw
54:51 Heavy Scorpion
58:42 Chemistry
Connection lost

Rejoining the realm…

Still unreachable

The connection could not be restored.

Session expired

The server has moved on; the page needs a fresh start.